 Dungeon Crawl Stone Soup version 0.23.2-33-g5129a83 (webtiles) character file.

Game seed: 14467815949512203282

904 Aphrodieselac the Infuser (level 8, -5/56 HPs)
             Began as a Merfolk Skald on Aug 6, 2019.
             Was an Initiate of Okawaru.
             Slain by Blork the orc
             ... wielding a +0 scimitar
              (8 damage)
             ... on level 5 of the Dungeon.
             The game lasted 00:24:56 (4659 turns).

Aphrodieselac the Infuser (Merfolk Skald)           Turns: 4659, Time: 00:24:57

Health: -5/56      AC:  5    Str: 12    XL:     8   Next: 8%
Magic:  7/11       EV: 15    Int: 14    God:    Okawaru [......]
Gold:   156        SH:  0    Dex: 13    Spells: 3/11 levels left

rFire    . . .     SeeInvis .   v - +2 trident (protect)
rCold    . . .     Gourm    .   (no shield)
rNeg     . . .     Faith    .   b - +0 leather armour
rPois    .         Spirit   .   t - +0 helmet
rElec    .         Reflect  .   g - +0 cloak
rCorr    .         Harm     .   (no gloves)
MR       .....                  (no boots)
Stlth    +.........             (no amulet)
HPRegen  0.18/turn              q - +3 ring of evasion
MPRegen  0.12/turn              (no ring)

@: marked
A: change form in water, swift swim, stealthy swim
a: Renounce Religion


You were on level 5 of the Dungeon.
You worshipped Okawaru.
Okawaru was noncommittal.
You were hungry.

You visited 2 branches of the dungeon, and saw 6 of its levels.

You collected 156 gold pieces.

Inventory:

Hand Weapons
 a - a +0 spear
 v - a +2 trident of protection (weapon)
Missiles
 p - 16 poisoned needles
 u - 4 curare-tipped needles
 w - a throwing net (quivered)
Armour
 b - a +0 leather armour (worn)
 g - a +0 cloak (worn)
 t - a +0 helmet (worn)
Jewellery
 n - an uncursed ring of fire
 q - a +3 ring of evasion (left hand)
 y - an uncursed amulet of guardian spirit {unknown}
 C - an uncursed ring of see invisible {unknown}
Wands
 s - a wand of iceblast (8)
Scrolls
 e - 3 scrolls of identify
 f - a scroll of random uselessness
 k - 4 scrolls of remove curse
 l - 3 scrolls of fog
 m - a scroll of noise {unknown}
 z - a scroll of enchant weapon {unknown}
 B - a scroll of enchant armour {unknown}
Potions
 c - 2 potions of lignification
 h - a potion of brilliance
 i - 4 potions of curing {unknown}
 j - a potion of mutation
 o - a potion of heal wounds {unknown}
 r - a potion of haste
 x - a potion of cancellation {unknown}
Comestibles
 d - 5 rations
 A - 4 chunks of flesh


   Skills:
 - Level 2.1 Fighting
 + Level 7.8 Polearms
 - Level 0.6 Armour
 - Level 2.6 Dodging
 - Level 2.0 Spellcasting
 * Level 8.7 Charms


You had 3 spell levels left.
You knew the following spells:

 Your Spells              Type           Power        Failure   Level  Hunger
a - Infusion              Chrm           ####         1%          1    ##.....
b - Song of Slaying       Chrm           ####....     1%          2    ###....
c - Shroud of Golubria    Chrm/Tloc      ##........   8%          2    ###....
d - Spectral Weapon       Hex/Chrm       ##......     16%         3    ####...

Your spell library contained the following spells:

 Spells                   Type           Power        Failure   Level  Hunger
 Regeneration             Chrm/Necr      ##........   16%         3    ####...


Dungeon Overview and Level Annotations

Branches:
Dungeon (5/15)             Temple (1/1) D:4

Altars:
Ashenzari
Cheibriados
Dithmenos
Elyvilon
Fedhas
Gozag
Hepliaklqana
Nemelex Xobeh
Okawaru
Qazlal
Ru
Sif Muna
Trog
Vehumet
Wu Jian
Xom
Yredelemnul
Zin
The Shining One

Shops:
D:4 [

Annotations:
D:4 3 runed translucent doors, Protonic's ghost, amateur DrFE; RubberyChicken's ghost, novice HOMo; Unforgiven's ghost, amateur NaFi; chris0x's ghost, amateur DrCK
D:5 Blork the orc


Message History

The puff of flame hits you.
* * * LOW HITPOINT WARNING * * *
You hear some strange, mumbled words.
A puff of frost appears from out of thin air!
The puff of frost misses you.
You see here a jackal corpse.
An ice beast and a phantom come into view.
An orc comes into view. It is wielding a -2 flail.
Some of the chunks of flesh in your inventory have rotted away.
You see here a jackal skeleton.
As you read the scroll labeled XOPOMUPP EMPOGGER, it crumbles to dust.
You feel blessed for a moment.
It was a scroll of remove curse.
As you read the scroll labeled TUGANN NUFA, it crumbles to dust.
The scroll dissolves into smoke.
It was a scroll of fog.
Something hits you!
* * * LOW HITPOINT WARNING * * *
The orc misses you.
As you read the scroll labeled WADYFE VAKI, it crumbles to dust.
Your +2 trident of protection glows shining copper for a moment.
It was a scroll of random uselessness.
Something hits you!
You die...

o.##....#
#.###....#
#.##.##.# #.#
#....# #.##.##{#
#.# ######
#..o.##.# #.#######
#######.# #.......#
#.###########.#
#.....#######.#
#####'##§{§##.# #
#....#.#@##.#### #
####....#.#§oY§W..'
#
#.......#.####.####
.. #.###..O#O# #.#
...# #.###...#.#
#.#
...O.#...'...'.#
#.# .<#.#####...###
#.# ### #...# #.#
#...# .#


You could see an ice beast and an orc.

Vanquished Creatures
  A phantom (D:5)
  2 ogres (D:4)
  A scorpion (D:5)
  2 howler monkeys (D:4)
  A hound (D:4)
  A jelly (D:5)
  2 orc priests (D:4)
  A gnoll shaman (D:4)
  A centaur skeleton (D:5)
  2 orc wizards
  2 iguanas
  A worker ant (D:4)
  A hound skeleton (D:4)
  Robin (D:2)
  6 gnolls (D:4)
  An adder (D:2)
  2 worms
  2 dart slugs
  3 leopard geckos
  11 orcs (D:4)
  5 bats
  3 giant cockroaches
  19 goblins
  5 hobgoblins
  11 jackals
  5 kobolds
  2 quokkas
  5 frilled lizards
  A leopard gecko skeleton (D:4)
  A leopard gecko zombie (D:5)
  8 rats
109 creatures vanquished.

Notes
Turn   | Place    | Note
-------+----------+-------------------------------------------
     0 | D:1      | Aphrodieselac the Merfolk Skald began the quest for the
                  | Orb.
     0 | D:1      | Reached XP level 1. HP: 16/16 MP: 3/3
   155 | D:1      | Reached XP level 2. HP: 18/22 MP: 3/5
   278 | D:1      | Reached skill level 4 in Charms
   650 | D:1      | Reached XP level 3. HP: 27/27 MP: 6/6
   746 | D:1      | Learned a level 2 spell: Song of Slaying
   749 | D:1      | Learned a level 2 spell: Shroud of Golubria
   908 | D:2      | Found a white marble altar of Elyvilon.
  1632 | D:3      | Found a glowing silver altar of Zin.
  1638 | D:3      | Found a glowing golden altar of the Shining One.
  1639 | D:3      | Found a sparkling altar of Nemelex Xobeh.
  1640 | D:3      | Found a sacrificial altar of Ru.
  1641 | D:3      | Found a snail-covered altar of Cheibriados.
  1644 | D:3      | Found a radiant altar of Vehumet.
  1700 | D:3      | Reached XP level 4. HP: 23/33 MP: 5/7
  2126 | D:3      | Noticed Robin
  2203 | D:2      | Killed Robin
  2203 | D:2      | Reached skill level 5 in Charms
  2450 | D:4      | Found Oqump's Antique Armour Emporium.
  2498 | D:4      | Reached XP level 5. HP: 38/38 MP: 2/8
  2859 | D:3      | Reached skill level 5 in Polearms
  2969 | D:3      | Reached skill level 6 in Charms
  3063 | D:4      | Reached XP level 6. HP: 38/44 MP: 1/9
  3072 | D:4      | Learned a level 3 spell: Spectral Weapon
  3431 | D:4      | Reached skill level 7 in Charms
  3537 | D:4      | Reached XP level 7. HP: 47/50 MP: 10/10
  3915 | D:4      | Found a staircase to the Ecumenical Temple.
  3920 | Temple   | Entered the Ecumenical Temple
  3957 | Temple   | Became a worshipper of Warmaster Okawaru
  4245 | D:4      | Found a runed translucent gate.
  4246 | D:4      | Found a runed translucent gate.
  4246 | D:4      | Found a runed translucent gate.
  4248 | D:4      | Noticed RubberyChicken's ghost (novice HOMo)
  4248 | D:4      | Noticed Protonic's ghost (amateur DrFE)
  4248 | D:4      | Noticed Unforgiven's ghost (amateur NaFi)
  4248 | D:4      | Noticed chris0x's ghost (amateur DrCK)
  4299 | D:5      | Entered Level 5 of the Dungeon
  4321 | D:4      | Reached skill level 8 in Charms
  4597 | D:5      | Reached XP level 8. HP: 54/56 MP: 3/11
  4614 | D:5      | Noticed Blork the orc
  4659 | D:5      | Slain by Blork the orc

Skill      XL: |  1  2  3  4  5  6  7 |
---------------+----------------------+-----
Charms         | 4 5 6 7 8 |  8.7
Polearms       | 4 5 6 7 |  7.8
Fighting       | |  2.1
Armour         | |  0.6
Dodging        | |  2.6
Spellcasting   | |  2.0

Action                   |  1- 3 |  4- 6 |  7- 9 || total
-------------------------+-------+-------+-------++-------
Melee: Spear             |   164 |   180 |       ||   344
       Trident           |       |    53 |    96 ||   149
 Cast: Infusion          |     5 |     9 |     3 ||    17
       Shroud of Golubri |       |     7 |     3 ||    10
       Song of Slaying   |       |     2 |     1 ||     3
  Use: Scroll            |       |     4 |     3 ||     7
 Stab: Sleeping          |       |     1 |     1 ||     2
  Eat: Chunk             |     3 |     3 |     4 ||    10
       Ration            |       |     1 |       ||     1
Armor: Leather armour    |    46 |    20 |    15 ||    81
Dodge: Dodged            |    74 |   122 |    49 ||   245
